 Dungeon Crawl Stone Soup version 0.32-a0-306-gfed3edf829 (webtiles) character file.

Game seed: 6889823442922087546

8298 holysushi the Nimble (level 11, -4/55 HPs)
             Began as a Spriggan Monk on Feb 15, 2024.
             Was a Priest of Beogh.
             Killed from afar by a rime drake (21 damage)
             ... with an icy flash freeze
             ... on level 10 of the Dungeon.
             The game lasted 00:21:58 (12750 turns).

holysushi the Nimble (Spriggan Monk)               Turns: 12750, Time: 00:21:58

Health: -4/55      AC:  5    Str:  7    XL:     11   Next: 8%
Magic:  11/12      EV: 30    Int: 11    God:    Beogh [***...]
Gold:   1187       SH:  0    Dex: 23    Spells: 10/10 levels left

rFire   . . .        b - +0 orcbow
rCold   + . .        (shield currently unavailable)
rNeg    . . .        d - +0 steam dragon scales
rPois   .            (helmet currently unavailable)
rElec   .            (cloak currently unavailable)
rCorr   .            (gloves unavailable)
SInv    +            (boots unavailable)
Will    +....        A - amulet of faith
Stlth   +++          k - ring of protection from cold
HPRegen 0.29/turn    (no ring)
MPRegen 0.13/turn

%: faith
@: beast-form, very quick
A: beast (slay +4), very small, no large weapons, unfitting armour, see
invisible, speed 3
a: Begin Untransformation, Renounce Religion, Smiting, Recall Apostles, Dismiss
Marbaugh, warrior, Dismiss Urtork, wizard


You were on level 10 of the Dungeon.
You worshipped Beogh.
Beogh was most pleased with you.
You were a hulking beast.
You visited 2 branches of the dungeon, and saw 11 of its levels.
You also visited: Bailey.

You collected 1187 gold pieces.

Inventory:

Hand Weapons
 a - a +6 scimitar of freezing
 b - a +0 orcbow (weapon)
 v - the +9 mace "holysushi's Foe" {freeze, rN+}
   (You found it on level 3 of the Dungeon)

   rN+:       It protects you from negative energy.
 y - a +2 dagger of venom
 I - a +0 short sword
Missiles
 q - 2 throwing nets
Armour
 d - +0 steam dragon scales (worn)
 h - a +0 robe
 u - a +2 cloak
Jewellery
 k - a ring of protection from cold (left hand)
 A - an amulet of faith (around neck)
Talismans
 e - a beast talisman (active)
 E - a flux talisman
Wands
 F - a wand of polymorph (5)
 H - a wand of flame (19)
Scrolls
 i - 3 scrolls of blinking
 j - a scroll of fog
 m - 3 scrolls of enchant weapon
 o - 5 scrolls of amnesia
 p - 7 scrolls of immolation
 r - a scroll of identify
 t - 7 scrolls of teleportation
 B - 2 scrolls of revelation
 C - 3 scrolls of vulnerability
Potions
 c - 3 potions of ambrosia
 f - 4 potions of curing
 g - a potion of cancellation {unknown}
 l - 2 potions of invisibility
 n - 3 potions of haste {unknown}
 s - 3 potions of attraction {unknown}
 w - a potion of resistance {unknown}
 x - 4 potions of enlightenment {unknown}
 z - 2 potions of heal wounds {unknown}
 D - 4 potions of mutation {unknown}
 G - a potion of degeneration {unknown}
 J - a potion of magic {unknown}
 K - 2 potions of brilliance {unknown}
 L - a potion of might {unknown}


   Skills:
 - Level 5.0 Fighting
 - Level 3.4 Short Blades
 + Level 11.6 Ranged Weapons
 - Level 12.7 Dodging
 - Level 4.5 Stealth
 - Level 7.0 Shapeshifting


You had 10 spell levels left.
You didn't know any spells.
Your spell library contained the following spells:

 Spells                   Type           Power      Damage    Failure   Level
 Freeze                   Ice            0%         1d3       34%         1
 Magic Dart               Conj           0%         1d3       34%         1
 Blink                    Tloc           0%         N/A       47%         2
 Call Imp                 Summ           0%         N/A       47%         2
 Ensorcelled Hibernation  Hex/Ice        0%         N/A       47%         2
 Mercury Vapours          Alch/Air       0%         N/A       47%         2
 Frozen Ramparts          Ice            0%         1d1       71%         3
 Fugue of the Fallen      Necr           0%         N/A       71%         3
 Hailstorm                Conj/Ice       0%         3d5       71%         3
 Mephitic Cloud           Conj/Alch/Air  0%         N/A       71%         3
 Anguish                  Hex/Necr       0%         N/A       98%         4
 Brom's Barrelling Bould  Conj/Erth      0%         2d3       98%         4
 Cause Fear               Hex            0%         N/A       98%         4
 Fireball                 Conj/Fire      0%         3d3       100%        5
 Freezing Cloud           Conj/Ice/Air   0%         6-21      100%        5
 Iskenderun's Battlesphe  Conj           0%         2d6       100%        5
 Conjure Ball Lightning   Conj/Air       0%         3x3d6     100%        6
 Enfeeble                 Hex            0%         N/A       100%        7
 Orb of Destruction       Conj           0%         9d5       100%        7


Dungeon Overview and Level Annotations

Branches:
Dungeon (10/15) Zot: 26627  Temple (1/1) D:5 Zot: 5998  Bailey (visited)
   Lair: D:8-11         Orc: D:9-12

Altars:
Ashenzari
Cheibriados
Dithmenos
Elyvilon
Fedhas
Gozag
Hepliaklqana
Kikubaaqudgha
Makhleb
Nemelex Xobeh
Okawaru
Qazlal
Ru
Sif Muna
Trog
Uskayaw
Vehumet
Wu Jian
Xom
Yredelemnul
The Shining One

Annotations:
D:7 exclusion: downstairs


Innate Abilities, Weirdness & Mutations

You are a hulking beast.
Your limbs bulge with bestial killing power. (Slay +4)
Your facial features look somewhat orcish.
You are very small and have problems with some larger weapons.
You are too small for most types of armour.
You have supernaturally acute eyesight. (SInv)
You cover ground extremely quickly. (Speed+++)


Message History

The icy flash freeze hits you!! You partially resist.
You are encased in ice.
Marbaugh closely misses the rime drake.
The ice encasing you melts away.
You are too injured to fight recklessly!
You are too injured to fight recklessly!
You are too injured to fight recklessly!
Fire: b) +0 orcbow
Press: ? - help, Q - select action, (/) - cycle Shift-Dir - straight line, f/p - ice beast
Aim: an ice beast (69% to hit)
You shoot an arrow. The arrow hits the ice beast!
The ice beast is moderately wounded.
Marbaugh is recalled.
The ice beast barely misses Marbaugh.
Marbaugh hits the ice beast with a +2 dire flail of protection!
Marbaugh hits the ice beast with a +2 dire flail of protection!
You are too injured to fight recklessly!
Fire: b) +0 orcbow
Press: ? - help, Q - select action, (/) - cycle Shift-Dir - straight line, f/p - ice beast
Aim: an ice beast (almost dead, not watching you, ally target, 69% to hit)
You shoot an arrow. The arrow hits the ice beast!
You kill the ice beast!
Beogh accepts your kill.
Fire: b) +0 orcbow
Press: ? - help, Q - select action, (/) - cycle Shift-Dir - straight line, f - rime drake
Aim: a rime drake (moderately wounded, ally target, 63% to hit)
You shoot an arrow. The arrow hits the rime drake!
The rime drake is heavily wounded.
Fire: b) +0 orcbow
Press: ? - help, Q - select action, (/) - cycle Shift-Dir - straight line, f/p - rime drake
Aim: a rime drake (heavily wounded, ally target, 63% to hit)
You shoot an arrow. The arrow barely misses the rime drake.
The rime drake breathes ice at you. The icy flash freeze hits you!
You partially resist.
* * * LOW HITPOINT WARNING * * *
You are encased in ice.
The ice encasing you melts away. The rime drake breathes ice at you.
The icy flash freeze hits you!! You partially resist.
You die...

####.≈...≈.#.....# #
#.≈≈§≈≈.#.....#
####.≈≈.§§.#.....#
.....≈≈.§≈.......#
.....≈≈_§≈.......#########
....§≈≈≈≈≈.<.............#
......§≈≈.............##.##
......................#...#
................h.....#...#
.#####+#############k.#.≈.#
.# #..#.≈.# .# #..#.≈.# .#
#o.#.≈.# .# #......# .#
#......# .# #####....#.#
..... ..........#.#


You could see a rime drake (catching breath).

Vanquished Creatures
  Harold (D:8)
  Erolcha (D:10)
  A two-headed ogre (D:7)
  2 kobold demonologists (D:9)
  Maggie (D:6)
  A vampire (D:9)
  2 wyverns
  A steam dragon (D:8)
  An acid dragon (D:8)
  A water moccasin (D:9)
  6 orc warriors
  2 black bears
  2 ice beasts
  2 ogres
  3 centaurs
  3 phantoms
  A kobold brigand (D:8)
  2 bullfrogs
  A scorpion (D:4)
  5 wights (D:6)
  11 killer bees
  3 howler monkeys (D:9)
  3 jellies
  A hound (D:5)
  4 orc priests
  A sleepcap (D:6)
  4 iguanas
  9 orc wizards
  17 gnolls
  8 adders
  A shadow imp (D:7)
  2 white imps
  2 ribbon worms (D:3)
  5 dart slugs
  23 orcs
  5 bats
  9 endoplasms
  6 giant cockroaches
  6 hobgoblins
  3 jackals (D:1)
  3 quokkas
  6 ball pythons
  5 frilled lizards
  14 goblins
  5 kobolds
  5 rats
200 creatures vanquished.

Vanquished Creatures (collateral kills)
  A two-headed ogre (D:10)
  A troll (D:9)
  2 ice beasts (D:10)
  2 kobold brigands (D:9)
  A gnoll sergeant (D:9)
  2 gnolls (D:9)
  A kobold (D:9)
10 creatures vanquished.

Vanquished Creatures (others)
  An orc apostle (D:10)
  A black bear (D:8)
  An orc wizard (D:8)
  3 orcs
6 creatures vanquished.

Grand Total: 216 creatures vanquished

Notes
Turn   | Place    | Note
-------+----------+-------------------------------------------
     0 | D:1      | holysushi the Spriggan Monk began the quest for the Orb.
     0 | D:1      | Reached XP level 1. HP: 11/11 MP: 2/2
   154 | D:1      | Reached skill level 1 in Shapeshifting
   180 | D:1      | Reached XP level 2. HP: 14/16 MP: 3/3
   551 | D:1      | Reached XP level 3. HP: 15/19 MP: 4/4
   836 | D:2      | Found a faded altar of an unknown god.
   912 | D:2      | Reached XP level 4. HP: 23/23 MP: 5/5
  1622 | D:3      | Reached skill level 5 in Shapeshifting
  1739 | D:3      | Found a radiant altar of Vehumet.
  1739 | D:3      | Found a shadowy altar of Dithmenos.
  1762 | D:3      | Found a sacrificial altar of Ru.
  1764 | D:3      | Found a shimmering blue altar of Sif Muna.
  1766 | D:3      | Found an ornate altar of the Wu Jian Council.
  1895 | D:3      | Reached XP level 5. HP: 27/27 MP: 6/6
  1968 | D:3      | Identified the +9 mace "holysushi's Foe" {freeze, rN+}
  2179 | D:3      | Found a stormy altar of Qazlal.
  2181 | D:3      | Noticed a water elemental
  2182 | D:3      | Noticed an air elemental
  2182 | D:3      | Noticed a fire elemental
  2323 | D:3      | Reached skill level 5 in Dodging
  2522 | D:4      | Reached XP level 6. HP: 32/32 MP: 7/7
  2874 | D:4      | Reached skill level 6 in Dodging
  2940 | D:4      | Found a bloodstained altar of Trog.
  3050 | D:4      | Reached XP level 7. HP: 19/35 MP: 8/8
  3272 | D:4      | Reached skill level 7 in Dodging
  3834 | D:5      | Entered Level 5 of the Dungeon
  4082 | D:4      | Reached skill level 8 in Dodging
  4393 | D:5      | Reached skill level 9 in Dodging
  4393 | D:5      | Reached XP level 8. HP: 24/42 MP: 9/9
  4504 | D:5      | Found a staircase to the Ecumenical Temple.
  4540 | Temple   | Entered the Ecumenical Temple
  5437 | D:6      | Noticed Maggie
  5889 | D:6      | Reached skill level 10 in Dodging
  5907 | D:6      | Reached skill level 5 in Fighting
  6297 | D:7      | Found a flagged portal.
  6478 | D:7      | Became a worshipper of Beogh the Shepherd
  6478 | D:7      | Reached * piety under Beogh
  6478 | D:7      | Reached ** piety under Beogh
  6557 | D:7      | Reached skill level 11 in Dodging
  6626 | Bailey   | Entered a bailey
  6701 | Bailey   | Noticed an orc knight
  7112 | D:7      | Reached XP level 9. HP: 38/47 MP: 10/10
  7156 | D:8      | Reached skill level 12 in Dodging
  7184 | D:8      | Reached skill level 1 in Stealth
  7657 | D:7      | Identified a scroll of acquirement
  7657 | D:7      | Acquired 487 gold pieces
  7790 | D:8      | Noticed a two-headed ogre
  7870 | D:7      | Killed a two-headed ogre
  7871 | D:7      | Reached skill level 5 in Ranged Weapons
  8915 | D:9      | Noticed Harold
  8972 | D:9      | Reached XP level 10. HP: 46/51 MP: 11/11
  9015 | D:8      | Killed Harold
  9313 | D:6      | Found an ancient bone altar of Kikubaaqudgha.
  9621 | D:4      | Found a bloodstained altar of Trog.
 10535 | D:6      | Killed Maggie
 10779 | D:9      | Reached *** piety under Beogh
 11190 | D:9      | Anointed Marbaugh the warrior as your apostle
 11206 | D:9      | Found an iron altar of Okawaru.
 12027 | D:9      | Reached skill level 10 in Ranged Weapons
 12092 | D:9      | Anointed Urtork the wizard as your apostle
 12290 | D:10     | Entered Level 10 of the Dungeon
 12294 | D:10     | Noticed a two-headed ogre
 12330 | D:10     | Killed a two-headed ogre
 12527 | D:10     | Found a shimmering altar of Xom.
 12547 | D:10     | Noticed Erolcha
 12558 | D:10     | Your ally Urtork died
 12569 | D:10     | Killed Erolcha
 12570 | D:10     | Reached XP level 11. HP: 46/55 MP: 8/12
 12639 | D:10     | Found a white marble altar of Elyvilon.
 12667 | D:10     | Found a sparkling altar of Nemelex Xobeh.
 12750 | D:10     | Killed from afar by a rime drake

Illustrated notes

Levels and vault maps discovered:
D:1:      pf_arrival_petrified_forest, layout_basic
D:2:      layout_basic, basic_ecumenical_altar
D:3:      layout_loops_cross, nicolae_qazlal_style_of_elements,
          chequers_temple_overflow_minitemple
D:4:      layout_loops_ring, lightli_temple_of_fire, serial_library,
          serial_library_hellmonk_open_square,
          serial_library_regret_index_split_case,
          serial_library_hellmonk_angled_corner,
          serial_library_hellmonk_metal_room,
          serial_library_hellmonk_layered_room,
          serial_library_hellmonk_reading_circle, minmay_misc_feat_tiny,
          dreamdust_mushroom_princess
D:5:      layout_basic, minmay_temple_entry_tees, minmay_misc_feat_square,
          minmay_increasing_density
D:6:      layout_basic, mainiacjoe_overflow_alcove_4, kennysheep_cluttered_room,
          uniq_maggie
D:7:      layout_basic, enter_bailey_5
D:8:      layout_cave_pools, kennysheep_dice
D:9:      layout_loops_corners, mainiacjoe_overflow_chevrons, dk_vineyard_1,
          hex_large, uniq_harold
D:10:     layout_irregular_city, zin_scriptorium, mainiacjoe_overflow_boulevard,
          xom_redecorated, mainiacjoe_overflow_catwalk, hellmonk_lair_entry_icy,
          orc_david_3, grunt_ministairs_5, hangedman_incinerator, uniq_erolcha
Temple:   hellmonk_temple_beads

Skill      XL: |  1  2  3  4  5  6  7  8  9 10 |
---------------+-------------------------------+-----
Shapeshifting  | 1 3 4 5 6 7 |  7.0
Dodging        | 5 6 9 11 12 | 12.7
Fighting       | 3 5 |  5.0
Stealth        | 4 |  4.5
Ranged Weapons | 6 11 | 11.6
Short Blades   | |  3.4

Action                     |  1- 3 |  4- 6 |  7- 9 | 10-12 || total
---------------------------+-------+-------+-------+-------++-------
  Melee: Short sword       |    84 |    70 |       |       ||   154
         Mace              |       |    66 |    89 |       ||   155
         Scimitar          |       |       |    62 |    20 ||    82
         Dagger            |       |       |     1 |       ||     1
   Fire: Orcbow            |       |       |    59 |   206 ||   265
 Invoke: Convert to Beogh  |       |       |     1 |       ||     1
         Recall Apostles   |       |       |       |    11 ||    11
         Recruit Apostle   |       |       |       |     2 ||     2
  Evoke: Wand              |       |       |     1 |       ||     1
    Use: Scroll            |       |       |    15 |       ||    15
   Stab: Sleeping          |     1 |       |     2 |     1 ||     4
         Distracted        |       |     1 |       |       ||     1
 Armour: Robe              |    19 |    34 |    64 |       ||   117
         Steam dragon scal |       |       |     3 |    24 ||    27
  Dodge: Dodged            |    51 |   111 |   281 |    58 ||   501
   Form: Beast             |     1 |       |       |       ||     1

Table legend: (Time is in decaauts)
 A = Elapsed time spent in this place.
 B = Non-inter-level travel time spent in this place.
 C = Inter-level travel time spent in this place.
 D = Time resting spent in this place.
 E = Time spent auto-exploring this place.
 F = Levels seen in this place.
 G = Mean time per level.
                   A        B        C        D        E       F      G
               +--------+--------+--------+--------+--------+-----+--------+
         Total |   9266 |   8837 |    429 |   2205 |   4274 |  12 |  772.2 |
       Dungeon |   9190 |   8761 |    429 |   2205 |   4260 |  10 |  919.0 |
        Temple |      1 |      1 |      0 |      0 |      0 |   1 |    1.0 |
        Bailey |     74 |     74 |      0 |      0 |     14 |   1 |   74.0 |
               +--------+--------+--------+--------+--------+-----+--------+

Top non-repeatable levels by time:
     D:4: 1499 daAuts
     D:7: 1365 daAuts
     D:9: 1240 daAuts
     D:8: 1126 daAuts
     D:6: 1031 daAuts
     D:5: 837 daAuts
     D:3: 658 daAuts
     D:1: 566 daAuts
     D:2: 493 daAuts
    D:10: 371 daAuts
  Bailey: 74 daAuts
  Temple: 1 daAuts
